 Dungeon Crawl Stone Soup version 0.28-a0-476-g0f06bd746f (webtiles) character file.

Game seed: 16132605971804960840

195 speeev33 the Vandal (level 5, 0/46 HPs)
             Began as a Minotaur Hunter on Sept 17, 2021.
             Slain by a hobgoblin (3 damage)
             ... on level 3 of the Dungeon.
             The game lasted 00:08:53 (2380 turns).

speeev33 the Vandal (Minotaur Hunter)               Turns: 2380, Time: 00:08:53

Health: 0/46       AC:  3    Str: 17    XL:     5   Next: 45%
Magic:  4/4        EV: 11    Int:  8    God:
Gold:   97         SH:  0    Dex: 11    Spells: 4/4 levels left

rFire   + . .      SeeInvis .   a - +1 hunting sling
rCold   + . .      Faith    .   (no shield)
rNeg    . . .      Spirit   .   c - +0 leather armour
rPois   .          Reflect  .   (helmet restricted)
rElec   .          Harm     .   j - scarf {rC+ rF+}
rCorr   .          Rampage  .   (no gloves)
Will    .....                   (no boots)
Stlth   +.........              (no amulet)
HPRegen 0.15/turn               (no ring)
MPRegen 0.09/turn               (no ring)

@: no status effects
A: horns 2, retaliatory headbutt
a: no special abilities


You were on level 3 of the Dungeon.
You visited 1 branch of the dungeon, and saw 3 of its levels.

You collected 97 gold pieces.

Inventory:

Hand Weapons
 a - a +1 hunting sling (weapon)
 b - a +0 dagger
Missiles
 d - 21 sling bullets
 e - 67 stones (quivered ammo)
Armour
 c - a +0 leather armour (worn)
 j - a scarf of resistance (worn)
Potions
 f - a potion of mutation {unknown}
 g - 2 potions of curing {unknown}
 h - a potion of haste {unknown}
 k - a potion of attraction {unknown}


   Skills:
 + Level 4.1 Fighting
 * Level 6.0 Slings
 + Level 3.0 Armour
 - Level 2.1 Dodging
 - Level 0.7 Stealth


You had 4 spell levels left.
You didn't know any spells.
Your spell library was empty.

Dungeon Overview and Level Annotations

Branches:
Dungeon (3/15)

Altars:


Innate Abilities, Weirdness & Mutations

You have a pair of horns on your head.
You reflexively headbutt those who attack you in melee.


Message History

You furiously retaliate!
You headbutt the gnoll, but do no damage.
Blink to where?
Press: ? - help, Dir - move target, p - gnoll A goblin comes into view.
It is wielding a +0 hunting sling.
As you read the scroll of blinking, it crumbles to dust.
The endoplasm quivers.
You open the door.
The goblin shouts!
The hobgoblin shouts!
The goblin shouts!
The goblin hits you with a +0 club.
The goblin shoots a stone.
The stone closely misses you. The goblin hits you but does no damage.
The endoplasm freezes you.
You are frozen.
You resist.
There is an open door here. 2 goblins and a hobgoblin come into view.
The goblin shouts!
The hobgoblin shouts!
A bat comes into view. 2 goblins come into view.
The goblin shouts!
The goblin shoots a stone.
The stone hits you.
* * * LOW HITPOINT WARNING * * *
Really attack while wielding your +1 hunting sling? [Y]es or [N]o only, please.
Really attack while wielding your +1 hunting sling?
Okay, then.
The goblin shouts! x2
The bat closely misses you.
Unknown command.
The bat barely misses you. You furiously retaliate!
You headbutt the bat!
You kill the bat!
The goblin hits you but does no damage.
The goblin shoots a stone.
The stone hits you.
* * * LOW HITPOINT WARNING * * *
The hobgoblin hits you with a +0 club.
* * * LOW HITPOINT WARNING * * *
The goblin barely misses you. The hobgoblin barely misses you.
The goblin shoots a stone.
The stone barely misses you. The hobgoblin hits you with a +0 club.
You die...

####### ###### ##.....#
#....# ##......+ #....#
#......@#########....###
#....gggg...g..#.g....#.
+....g.g†.gg..g'J.....'.
#..........w...#g.....#.
#.......#########....###
##......+ #....#..
##.....# #....#..
####### ##++####


You could see a worm, 2 gnolls, 2 hobgoblins and 6 goblins.

Vanquished Creatures
  An orc priest (D:3)
  Natasha (thrice) (D:2)
  An orc wizard (D:3)
  A dart slug (D:2)
  3 orcs (D:3)
  3 ball pythons
  An endoplasm (D:3)
  12 hobgoblins
  6 kobolds
  5 bats
  4 frilled lizards
  17 goblins
  2 rats (D:2)
59 creatures vanquished.

Notes
Turn   | Place    | Note
-------+----------+-------------------------------------------
     0 | D:1      | speeev33 the Minotaur Hunter began the quest for the Orb.
     0 | D:1      | Reached XP level 1. HP: 18/18 MP: 0/0
    13 | D:1      | Found a faded altar of an unknown god.
   762 | D:2      | Reached skill level 1 in Armour
   762 | D:2      | Reached XP level 2. HP: 25/25 MP: 1/1
  1041 | D:2      | Noticed Natasha
  1046 | D:2      | Noticed a crimson imp
  1046 | D:2      | Killed Natasha
  1047 | D:2      | Reached skill level 5 in Slings
  1047 | D:2      | Reached XP level 3. HP: 31/31 MP: 2/2
  1466 | D:2      | Noticed Natasha
  1473 | D:2      | Killed Natasha
  1474 | D:2      | Reached XP level 4. HP: 27/38 MP: 3/3
  1717 | D:2      | Noticed Natasha
  1723 | D:2      | Killed Natasha
  2058 | D:3      | Reached XP level 5. HP: 46/46 MP: 4/4
  2159 | D:3      | Reached skill level 6 in Slings
  2380 | D:3      | Slain by a hobgoblin

Illustrated notes

Levels and vault maps discovered:
D:1:      giann_forest_graveyard, layout_loops_ring,
          hellmonk_ecumenical_altar_run_dry, lemuel_old_faithful
D:2:      layout_basic, serial_corexii_hall, corexii_hall_statues_i,
          corexii_hall_statues_l, uniq_natasha
D:3:      minmay_goblin_kobold_castle, layout_rooms, minmay_statues_item

Skill      XL: |  1  2  3  4  5 |
---------------+----------------+-----
Armour         | 1 2 3 |  3.0
Fighting       | 3 4 |  4.1
Slings         | 5 6 |  6.0
Dodging        | |  2.1
Stealth        | |  0.7

Action                   |  1- 3 |  4- 6 || total
-------------------------+-------+-------++-------
 Fire: Hunting sling     |    80 |    78 ||   158
  Use: Scroll            |     2 |     3 ||     5
Armor: Leather armour    |     5 |     7 ||    12
Dodge: Dodged            |     8 |    34 ||    42

Table legend: (Time is in decaauts)
 A = Elapsed time spent in this place.
 B = Non-inter-level travel time spent in this place.
 C = Inter-level travel time spent in this place.
 D = Time resting spent in this place.
 E = Time spent auto-exploring this place.
 F = Levels seen in this place.
 G = Mean time per level.
                   A        B        C        D        E       F      G
               +--------+--------+--------+--------+--------+-----+--------+
         Total |   2371 |   2317 |     54 |     77 |   1431 |   3 |  790.3 |
       Dungeon |   2371 |   2317 |     54 |     77 |   1431 |   3 |  790.3 |
               +--------+--------+--------+--------+--------+-----+--------+

Top non-repeatable levels by time:
     D:2: 1217 daAuts
     D:1: 748 daAuts
     D:3: 405 daAuts
